 Dungeon Crawl Stone Soup version 0.17-a0-1642-gd4b747b (webtiles) character file.

1399 Gorice the Gouger (level 8, -4/40 HPs)
             Began as a Felid Wanderer on Aug 8, 2015.
             Was an Initiate of Trog.
             Killed from afar by Joseph (20 damage)
             ... with a wand of cold
             ... on level 7 of the Dungeon.
             The game lasted 00:33:27 (9203 turns).

Gorice the Gouger (Felid Wanderer)                  Turns: 9203, Time: 00:33:28

Health: -4/40      AC:  2    Str:  8    XL:     8   Next: 41%
Magic:  9/9        EV: 23    Int: 15    God:    Trog [......]
Gold:   273        SH:  0    Dex: 18    Spells: 0 memorised, 7 levels left
                                        Lives:  0   Deaths: 2

rFire  . . .     SeeInvis +       - Unarmed
rCold  . . .     Clarity  .     (armour unavailable)
rNeg   . . .     SustAt   .     (shield unavailable)
rPois  .         Gourm    .     (helmet unavailable)
rElec  .         Spirit   .     (cloak unavailable)
rCorr  .         Warding  .     (gloves unavailable)
rMut   .         Stasis   .     (boots unavailable)
MR     +....                    (no amulet)
Stlth  ++++......               (no ring)
                                e - +2 ring of dexterity

@: quick, somewhat resistant to hostile enchantments, stealthy
A: no armour, no weapons or thrown items, claws 1, fangs 3, see invisible,
carnivore 3, speed 1, shaggy fur 2, slow metabolism 1, sharp paws
a: Burn Spellbooks, Renounce Religion


You were on level 7 of the Dungeon.
You worshipped Trog.
Trog was noncommittal.
You were completely stuffed.

You visited 1 branch of the dungeon, and saw 7 of its levels.

You collected 273 gold pieces.

Inventory:

Jewellery
 e - a +2 ring of dexterity (left paw)
Magical devices
 l - a wand of teleportation (9) {!d}
Scrolls
 j - 5 scrolls of identify
 k - a scroll of noise {unknown}
 m - a scroll of amnesia
 o - 3 scrolls of remove curse
 r - a scroll of teleportation {!r}
Potions
 a - 2 potions of heal wounds {!q}
 c - a potion of curing
 g - 2 potions of lignification {!q}
 h - 2 potions of might {!q}
 i - a potion of agility {!q}
 n - a potion of resistance {!q}
 s - 2 potions of flight
Comestibles
 b - a chunk of flesh
 d - 2 meat rations {!e}
 f - a beef jerky
 p - a royal jelly
 q - 2 slices of pizza


   Skills:
 + Level 7.3 Fighting
 + Level 7.3 Dodging
 - Level 5.0 Stealth
 * Level 9.0 Unarmed Combat


You had 7 spell levels left.
You didn't know any spells.

Dungeon Overview and Level Annotations

Branches:
Dungeon (7/15)             Temple (0/1) D:7

Altars:
Makhleb
Qazlal
Trog

Shops:
D:7 !

Annotations:
D:3 pUX: ghost o w trident protect, urechis's ghost, average TeBe
D:7 Joseph


Innate Abilities, Weirdness & Mutations

You cannot wear armour.
You are incapable of wielding weapons or throwing items.
You have sharp claws.
You have razor-sharp teeth.
You have supernaturally acute eyesight.
You are carnivorous and can eat meat at any time.
You cover ground quickly.
You are covered in thick fur (AC +2).
You have a slow metabolism.
Your sharp claws are effective at attacking unaware monsters.


Message History

You barely miss the crimson imp. The crimson imp closely misses you.
You barely miss the crimson imp. You scratch the crimson imp.
The crimson imp is lightly wounded.
The crimson imp hits you.
Damage: 4 (max 4)
You claw the crimson imp!
The crimson imp is almost dead.
The crimson imp completely misses you.
You barely miss the crimson imp.
The crimson imp is severely wounded.
The crimson imp misses you.
You scratch the crimson imp but do no damage.
The crimson imp is severely wounded.
The crimson imp misses you.
You claw the crimson imp!
You kill the crimson imp!
Trog accepts your kill.
Your Unarmed Combat skill increases to level 9!
No target in view!
No target in view!
No target in view!
s - 2 dark potions
There is an entrance to Disoreolo's Distillery here.
Read which item? (? for menu, Esc to quit)
Identify which item? (\ to view known items) (? for menu, Esc to quit)
As you read the scroll of identify, it crumbles to dust.
s - 2 potions of flight You start resting.
Joseph unwields an uncursed hunting sling of freezing.
Joseph wields a +3 quarterstaff of protection.
Joseph hits you with a +3 quarterstaff of protection!
There is an entrance to Disoreolo's Distillery here.
Damage: 8 (max 8)
You scratch Joseph but do no damage. You bite Joseph, but do no damage.
Joseph zaps a wand.
The bolt of cold misses you.
You claw Joseph!
Joseph is lightly wounded.
Joseph barely misses you.
You scratch Joseph. You bite Joseph.
Joseph is moderately wounded.
You scratch Joseph but do no damage.
Joseph is moderately wounded.
Joseph zaps a wand.
The bolt of cold hits you!
Damage: 14 (max 14)
You scratch Joseph but do no damage.
Joseph is moderately wounded.
Joseph zaps a wand.
The bolt of cold hits you!
Ouch! That really hurt!
You die...

.# #.......# # #.# .# #.####.##
.# #.# .###.# #.# .# #.# ..##.#
#.# .# #.# ..##.# #.# .# ..#
..##.# #.# .# ..##.# #.# .##.#
..##.# #.#######@##.# ..##.#
#.......@.##.# .....#
#..####.####.# #######
[.#..####..####.####.# #.....#
#.#...............##.# #.....####
#.#.#####..####....#.###(........
#.#........# ##.#.#..........####
..########.###..#.##.###.....#
...........................#.####
.................................


You could see Joseph.

Vanquished Creatures
  The ghost of cireshan the Thaumaturge, an experienced DECj of Sif Muna (D:7)
  Menkaure (D:7)
  2 black bears (D:7)
  2 ice beasts (D:6)
  3 centaurs
  A giant frog (D:6)
  A water moccasin skeleton (D:6)
  2 scorpions (D:4)
  A crimson imp (D:7)
  A giant frog zombie (D:5)
  3 hounds
  A giant frog skeleton (D:5)
  A centaur skeleton (D:5)
  A jelly (D:6)
  An orc priest (D:5)
  A gnoll shaman (D:7)
  An iguana (D:6)
  Terence (D:3)
  3 worker ants
  2 orc wizards
  A hound zombie (D:5)
  2 gnolls
  6 adders
  4 shadow imps
  An ooze (D:3)
  An adder zombie (D:5)
  2 worms
  4 giant geckos
  17 orcs
  4 giant cockroaches
  3 goblins
  11 hobgoblins
  19 jackals
  4 kobolds
  3 bats
  2 giant gecko zombies
  3 giant newts
  3 quokkas
  A quokka skeleton (D:4)
  4 rats
125 creatures vanquished.

Notes
Turn   | Place    | Note
--------------------------------------------------------------
     0 | D:1      | Gorice the Felid Wanderer began the quest for the Orb.
     0 | D:1      | Gorice set off with: a potion of heal wounds {!q}, a scroll of teleportation {!r}, a potion of curing, a meat ration {!e}
     0 | D:1      | Reached XP level 1. HP: 12/12 MP: 2/2
   325 | D:1      | Reached skill level 3 in Stealth
   622 | D:1      | Reached XP level 2. HP: 16/16 MP: 3/3
  1268 | D:2      | Reached skill level 1 in Dodging
  1403 | D:2      | Reached XP level 3. HP: 19/19 MP: 4/4
  1428 | D:2      | Reached skill level 4 in Stealth
  1687 | D:2      | HP: 5/19 [poisoned by an adder]
  2111 | D:3      | Reached XP level 4. HP: 21/23 MP: 5/5
  2112 | D:3      | Noticed urechis's ghost (average TeBe)
  2166 | D:3      | Reached skill level 2 in Dodging
  2178 | D:3      | Noticed Terence
  2180 | D:3      | Killed Terence
  2180 | D:3      | Reached skill level 4 in Unarmed Combat
  2557 | D:3      | Found a burning altar of Makhleb.
  2560 | D:3      | Reached XP level 5. HP: 24/26 MP: 6/6
  3474 | D:4      | HP: 7/26 [poisoned by a scorpion]
  3479 | D:3      | HP: 5/26 [poisoned by a scorpion]
  3486 | D:3      | HP: 4/26 [poisoned by a scorpion]
  3494 | D:3      | HP: 3/26 [poisoned by a scorpion]
  3921 | D:4      | Reached skill level 3 in Dodging
  3921 | D:4      | Reached skill level 5 in Stealth
  4505 | D:4      | HP: 7/26 [scorpion (6)]
  4507 | D:4      | Reached skill level 5 in Unarmed Combat
  4507 | D:4      | Gained mutation: You are covered in thick fur (AC +2). [Felid growth]
  4507 | D:4      | Reached XP level 6. HP: 18/30 MP: 7/7
  4516 | D:3      | HP: 9/30 [poisoned by a scorpion]
  4521 | D:3      | HP: 7/30 [poisoned by a scorpion]
  4528 | D:3      | HP: 4/30 [poisoned by a scorpion]
  4535 | D:3      | HP: 3/30 [poisoned by a scorpion]
  4543 | D:3      | HP: 2/30 [poisoned by a scorpion]
  5028 | D:5      | Entered Level 5 of the Dungeon
  5495 | D:4      | Reached skill level 4 in Dodging
  5714 | D:5      | Found a stormy altar of Qazlal.
  5743 | D:5      | HP: 9/31 [poisoned by a worker ant]
  5743 | D:5      | HP: 4/31 [worker ant (5)]
  5749 | D:4      | HP: 5/31 [worker ant (1)]
  5750 | D:4      | Slain by a worker ant
  5751 | D:4      | Reached XP level 5. HP: -1/27 MP: 6/6
  6011 | D:5      | Reached XP level 6. HP: 12/31 MP: 7/7
  6326 | D:5      | Reached skill level 6 in Unarmed Combat
  6900 | D:6      | Reached skill level 6 in Fighting
  6969 | D:6      | Reached XP level 7. HP: 19/34 MP: 8/8
  7114 | D:6      | Reached skill level 5 in Dodging
  7153 | D:6      | Reached skill level 7 in Unarmed Combat
  7573 | D:7      | Found a staircase to the Ecumenical Temple.
  7722 | D:7      | Found Disoreolo's Distillery.
  7725 | D:7      | Noticed Menkaure
  7730 | D:7      | Noticed Joseph
  7735 | D:7      | Slain by Joseph
  7736 | D:7      | Reached XP level 6. HP: -1/31 MP: 7/7
  7737 | D:7      | Noticed cireshan's ghost (experienced DECj)
  7751 | D:7      | Found a bloodstained altar of Trog.
  7763 | D:7      | Became a worshipper of Trog the Wrathful
  7778 | D:7      | Reached XP level 7. HP: 20/35 MP: 8/8
  7782 | D:7      | HP: 6/35 [Joseph/wand of cold (14)]
  8094 | D:7      | HP: 8/35 [gnoll/spear (4)]
  8095 | D:7      | HP: 3/35 [gnoll/spear (5)]
  8611 | D:6      | HP: 5/35 [giant frog (9)]
  8613 | D:6      | Reached skill level 6 in Dodging
  8937 | D:7      | Reached skill level 8 in Unarmed Combat
  9099 | D:7      | Killed Menkaure
  9099 | D:7      | Reached skill level 7 in Fighting
  9121 | D:7      | Killed cireshan's ghost
  9121 | D:7      | Reached skill level 7 in Dodging
  9121 | D:7      | Reached XP level 8. HP: 40/40 MP: 9/9
  9175 | D:7      | Reached skill level 9 in Unarmed Combat
  9203 | D:7      | Killed from afar by Joseph

Vault maps used:
D:1:      matt_arrival_refuge, st_stairs_14, minivault_5, minmay_misc_feat_five,
          minivault_27
D:2:      minmay_misc_feat_chi
D:3:      first_bread, makhleb_blood_cavern_becter, uniq_terence
D:5:      grunt_qazlal_sundering
D:6:      minivault_19
D:7:      temple_statues, serial_shops, shop, trog_ov_bears_minmay, uniq_joseph,
          uniq_menkaure

Action                   |  1- 3 |  4- 6 |  7- 9 || total
-------------------------+-------+-------+-------++-------
Melee: Unarmed           |    85 |   230 |   104 ||   419
  Use: Scroll            |     6 |     7 |     5 ||    18
       Potion            |       |     2 |     1 ||     3
 Stab: Sleeping          |    11 |     8 |     6 ||    25
       Distracted        |       |     1 |     2 ||     3
  Eat: Chunk             |     9 |    14 |     9 ||    32

Table legend:
 A = Turns spent in this place as a percentage of turns spent in the entire game.
 B = Non-inter-level travel turns spent in this place as a percentage of non-inter-level travel turns spent in the entire game.
 C = Inter-level travel turns spent in this place as a percentage of turns spent in this place.
 D = Turns resting spent in this place as a percentage of non-inter-level travel turns spent in this place.
 E = Turns spent auto-exploring this place as a percentage of non-inter-level travel turns spent in this place.
 F = Non-inter-level travel turns spent in this place divided by the number of levels of this place that you've seen.
                   A       B       C       D       E      F
               +-------+-------+-------+-------+-------+----------------------
         Total | 100.0 | 100.0 |   0.8 |   4.8 |   6.2 | 354.3
       Dungeon | 100.0 | 100.0 |   0.8 |   4.8 |   6.2 | 354.3
               +-------+-------+-------+-------+-------+----------------------

Vault maps used:
D:1:      matt_arrival_refuge, st_stairs_14, minivault_5, minmay_misc_feat_five,
          minivault_27
D:2:      minmay_misc_feat_chi
D:3:      first_bread, makhleb_blood_cavern_becter, uniq_terence
D:5:      grunt_qazlal_sundering
D:6:      minivault_19
D:7:      temple_statues, serial_shops, shop, trog_ov_bears_minmay, uniq_joseph,
          uniq_menkaure
